Map: Thunderbird LE

Players

ICE - Winner!

  • Race: Terran Terran
  • League: Platinum
  • Spawn Location: 5:00

pHARM

  • Race: Zerg Zerg
  • League: Platinum
  • Spawn Location: 11:00

VOD

Have the link to the VOD?

Description

Time

  • Played on: Oct. 7, 2019, 8:41 a.m.
  • Length: 4:11
Show
View Real Time Build Order
Export as new Build Order

ICE Terran - Winner!

Build Orders: 2 Factory 

Get SALT Encoding   

  12  0:00  SCV  
  13  0:13  SCV  
  14  0:17  Supply Depot  
  14  0:25  SCV  
  15  0:39  SCV  
  15  0:42  Barracks  
  16  0:46  Refinery  
  16  0:51  Refinery  
  16  0:54  SCV  
  17  1:04  Supply Depot  
  17  1:08  SCV  
  18  1:20  SCV  
  20  1:32  SCV  
  20  1:35  Factory  
  20  1:37  Marine  
  21  1:44  SCV  
  22  1:57  SCV  
  23  2:07  Factory  
  23  2:09  SCV  
  24  2:19  Factory Tech Lab  
  24  2:21  SCV  
  25  2:26  Marine  
  26  2:33  SCV  
  27  2:44  Marine  
  27  2:50  Command Center  
  28  2:54  Factory Reactor  
  28  3:02  Siege Tank  
  31  3:11  Orbital Command  
  31  3:18  Barracks Tech Lab  
  31  3:26  Engineering Bay  
  31  3:29  Supply Depot  
  31  3:50  Marine, SCV  
Show
View Real Time Build Order
Export as new Build Order

pHARM Zerg 

Build Orders: Hatch First 

Get SALT Encoding   

  12  0:01  Drone  
  13  0:16  Overlord  
  13  0:24  Drone  
  14  0:35  Drone x2  
  16  0:45  Drone  
  17  0:50  Drone  
  18  1:01  Hatchery  
  17  1:05  Drone  
  18  1:19  Spawning Pool  
  18  1:20  Drone  
  18  1:26  Drone  
  19  1:36  Drone  
  20  1:48  Extractor  
  20  1:50  Drone  
  20  1:55  Overlord  
  20  2:05  Drone  
  21  2:13  Queen x2  
  25  2:15  Zergling x2  
  25  2:16  Zergling x2  
  27  2:41  Spine Crawler  
  27  2:42  Drone x4  
  30  2:48  Drone x2  
  30  2:51  Queen  
  32  2:54  Queen  
  36  3:07  Overlord x2  
  36  3:19  Hatchery  
  35  3:38  Drone x5  
  40  3:41  Overlord  
Tags
 
Add a new tag
Caveats
  • Supply blocks, unpowered buildings, or Contaminate may cause inaccurate times.
  • Supply counts are checked every 10 seconds.